 Dungeon Crawl Stone Soup version 0.21.1-1-g345015f (webtiles) character file.

3995 aMcNicky the Carver (level 10, 0/91 HPs)
             Began as a Minotaur Fighter on Mar 12, 2018.
             Was an Initiate of Ru.
             Slain by a black mamba (11 damage)
             ... on level 1 of the Lair of Beasts.
             The game lasted 00:27:58 (8369 turns).

aMcNicky the Carver (Minotaur Fighter)              Turns: 8369, Time: 00:27:59

Health: 0/91       AC: 10    Str: 21    XL:     10   Next: 3%
Magic:  0/9        EV:  7    Int:  5    God:    Ru [......]
Gold:   441        SH:  9    Dex: 13    Spells: 9/9 levels left

rFire    . . .     SeeInvis .   o - +1 falchion (slice)
rCold    + . .     Gourm    .   c - +0 shield
rNeg     . . .     Faith    .   A - +2 scale mail {rPois}
rPois    +         Spirit   +   (helmet restricted)
rElec    .         Reflect  .   m - scarf {Spirit}
rCorr    .         Harm     .   (no gloves)
MR       +....                  (no boots)
Stlth    ..........             (no amulet)
HPRegen  0.25/turn              D - ring of protection from magic
MPRegen  0.11/turn              H - ring of protection from cold

@: lethally poisoned (0 -> -18)
A: retaliatory headbutt, horns 2, no stealth
a: Renounce Religion


You were on level 1 of the Lair of Beasts.
You worshipped Ru.
Ru was noncommittal.
You were not hungry.

You visited 3 branches of the dungeon, and saw 10 of its levels.

You collected 441 gold pieces.

Inventory:

Hand Weapons
 a - a +0 long sword
 o - a +1 falchion of slicing (weapon)
Missiles
 d - 3 throwing nets (quivered)
Armour
 c - a +0 shield (worn)
 m - a scarf of spirit shield (worn)
 p - a +3 scale mail of fire resistance
 A - a +2 scale mail of poison resistance (worn)
 L - a +0 large shield
Jewellery
 D - a ring of protection from magic (left hand)
 H - a ring of protection from cold (right hand)
Wands
 r - a wand of paralysis (11)
 E - a wand of polymorph (6)
 F - a wand of acid (7)
 G - a wand of digging (13)
 J - a wand of disintegration (5)
Scrolls
 b - a scroll of blinking {unknown}
 i - 2 scrolls of fog
 j - 3 scrolls of remove curse {@r2}
 l - a scroll of noise {unknown}
 s - 3 scrolls of teleportation {unknown}
 u - 3 scrolls of magic mapping {unknown}
 v - a scroll of enchant armour {unknown}
 x - 3 scrolls of enchant weapon {unknown}
 I - 2 scrolls of fear {unknown}
 K - a scroll of immolation {unknown}
Potions
 e - 2 potions of brilliance {unknown}
 g - a potion of magic {unknown}
 h - 3 potions of heal wounds {unknown}
 k - 4 potions of ambrosia
 n - 7 potions of curing {@q1}
 q - 2 potions of agility
 t - 2 potions of flight {unknown}
 w - a potion of haste {unknown}
 B - a potion of mutation {unknown}
 C - a potion of invisibility {unknown}
Books
 y - a book of Maledictions

   Spells                             Type                      Level
   a - Corona                         Hexes                        1
   b - Ensorcelled Hibernation        Hexes/Ice                    2
   c - Confuse                        Hexes                        3
   d - Tukima's Dance                 Hexes                        3
   e - Dazzling Spray                 Conjuration/Hexes            3
Comestibles
 f - 11 rations


   Skills:
 + Level 9.3 Fighting
 * Level 12.1 Long Blades
 + Level 9.4 Armour
 + Level 3.9 Shields


You had 9 spell levels left.
You didn't know any spells.

Dungeon Overview and Level Annotations

Branches:
Dungeon (8/15)             Temple (1/1) D:6            Lair (1/6) D:8

Altars:
Ashenzari
Dithmenos
Elyvilon
Fedhas
Gozag
Hepliaklqana
Kikubaaqudgha
Makhleb
Nemelex Xobeh
Okawaru
Qazlal
Ru
Sif Muna
Trog
Uskayaw
Vehumet
Wu Jian
Xom
Yredelemnul
Zin
The Shining One
Lugonu

Shops:
D:6 (   D:8 [

Annotations:
D:2 1 runed door
D:8 letownia2's ghost, novice MfSk


Innate Abilities, Weirdness & Mutations

You reflexively headbutt those who attack you in melee.
You have a pair of horns on your head.
You cannot be stealthy.


Message History

You block the black mamba's attack.
You miss the black mamba.
The black mamba is heavily wounded.
* * * LOW HITPOINT WARNING * * *
You feel sick. The black mamba barely misses you. You furiously retaliate!
You headbutt the black mamba. You hit the black mamba.
The black mamba is severely wounded.
* * * LOW HITPOINT WARNING * * *
You feel sick. You block the black mamba's attack.
You miss the black mamba. Your headbutt misses the black mamba.
The black mamba is severely wounded.
* * * LOW HITPOINT WARNING * * *
You feel sick. The black mamba completely misses you.
The black mamba bites you but does no damage.
You miss the black mamba.
The black mamba is heavily wounded.
* * * LOW HITPOINT WARNING * * *
You feel sick. The black mamba bites you!
You die...

#......../..##
##.....$........###
#.................###
#.................#.#
...................##
....................###
......................#
............†.........##
..........?.S@.........#
.......................#
.........##............#
###
....####.##.###.......##
###.. ..# ######
##.....#####.... .
#.#............P
#####..........#
##..........
####..........


You could see a black mamba.

Vanquished Creatures
  The ghost of Baghtru the Shield-Bearer, a novice OpFi (D:5)
  A hippogriff (Lair:1)
  Sigmund (D:2)
  Eustachio (D:4)
  Edmund (D:6)
  2 hell hounds (D:8)
  An ice beast (D:7)
  An orc warrior (D:7)
  A black bear (D:5)
  A sky beast (D:6)
  4 centaurs
  3 crocodiles
  A gnoll sergeant (D:8)
  7 bullfrogs
  A scorpion (D:7)
  7 killer bees (D:7)
  A jelly (D:8)
  5 crimson imps
  A quasit (D:8)
  5 hounds
  A gnoll shaman (D:7)
  An orc priest (D:8)
  6 orc wizards
  A centaur skeleton (D:6)
  An iguana (D:4)
  Terence (D:2)
  3 worker ants
  A killer bee zombie (D:8)
  A howler monkey zombie (D:7)
  12 gnolls
  A howler monkey skeleton (D:5)
  12 adders
  2 oozes
  An adder zombie (D:8)
  A worm (D:2)
  A dart slug (D:4)
  9 leopard geckos
  19 orcs
  A giant cockroach (D:3)
  3 goblins
  9 hobgoblins
  7 jackals
  5 quokkas
  2 ball pythons (D:2)
  A ball python zombie (D:5)
  6 bats
  4 frilled lizards
  5 kobolds
  7 rats
170 creatures vanquished.

Notes
Turn   | Place    | Note
-------+----------+-------------------------------------------
     0 | D:1      | aMcNicky the Minotaur Fighter began the quest for the Orb.
     0 | D:1      | Reached XP level 1. HP: 19/19 MP: 0/0
   336 | D:1      | Reached XP level 2. HP: 22/27 MP: 1/1
   403 | D:1      | Reached skill level 3 in Long Blades
  1085 | D:1      | Reached XP level 3. HP: 16/33 MP: 2/2
  1469 | D:2      | Noticed Sigmund
  1483 | D:2      | Killed Sigmund
  1483 | D:2      | Reached skill level 5 in Long Blades
  1483 | D:2      | Reached XP level 4. HP: 26/41 MP: 3/3
  1483 | D:2      | Reached XP level 5. HP: 30/47 MP: 4/4
  1487 | D:2      | Reached skill level 5 in Fighting
  1491 | D:2      | Reached skill level 5 in Armour
  1707 | D:2      | Noticed Terence
  1756 | D:2      | Killed Terence
  1822 | D:2      | Reached XP level 6. HP: 56/56 MP: 5/5
  2000 | D:2      | Found a radiant altar of Vehumet.
  2000 | D:2      | Found a deep blue altar of Sif Muna.
  2075 | D:2      | Found a shadowy altar of Dithmenos.
  2113 | D:2      | Found a stormy altar of Qazlal.
  2220 | D:2      | Found a white marble altar of Elyvilon.
  2271 | D:2      | Found a basalt altar of Yredelemnul.
  2398 | D:2      | Found a runed door.
  3240 | D:4      | Reached skill level 6 in Long Blades
  3252 | D:4      | Noticed Eustachio
  3573 | D:4      | Killed Eustachio
  3626 | D:4      | Reached XP level 7. HP: 54/62 MP: 4/6
  3939 | D:4      | Found an opulent altar of Gozag.
  4233 | D:5      | Entered Level 5 of the Dungeon
  4264 | D:4      | Reached skill level 7 in Long Blades
  4440 | D:5      | Noticed Baghtru's ghost (novice OpFi)
  4469 | D:5      | Killed Baghtru's ghost
  4469 | D:5      | Reached skill level 8 in Long Blades
  4469 | D:5      | Reached XP level 8. HP: 44/71 MP: 4/7
  4797 | D:5      | Found a hide-covered altar of Uskayaw.
  4825 | D:5      | Found a sparkling altar of Nemelex Xobeh.
  4826 | D:5      | Found a bloodstained altar of Trog.
  4828 | D:5      | Found a blossoming altar of Fedhas.
  5000 | D:5      | Reached skill level 9 in Long Blades
  5017 | D:6      | Noticed Edmund
  5041 | D:6      | Killed Edmund
  5138 | D:6      | Found Evorud's Weapon Shoppe.
  5248 | D:6      | Found a staircase to the Ecumenical Temple.
  5312 | Temple   | Entered the Ecumenical Temple
  5346 | Temple   | Became a worshipper of Ru the Awakened
  5445 | D:6      | Reached skill level 10 in Long Blades
  5840 | D:7      | Reached XP level 9. HP: 70/81 MP: 8/8
  6574 | D:7      | Found a shattered altar of Ashenzari.
  6795 | D:7      | Reached skill level 11 in Long Blades
  6797 | D:7      | Gained mutation: You cannot be stealthy. [Ru sacrifice]
  7061 | D:8      | Found Veuz's Antique Armour Shoppe.
  7312 | D:8      | Found a staircase to the Lair.
  7920 | D:8      | Noticed letownia2's ghost (novice MfSk)
  8223 | Lair:1   | Entered Level 1 of the Lair of Beasts
  8249 | Lair:1   | Reached skill level 12 in Long Blades
  8348 | Lair:1   | Noticed a black mamba
  8362 | Lair:1   | Reached XP level 10. HP: 35/91 MP: 3/9
  8369 | Lair:1   | Slain by a black mamba

Skill      XL: |  1  2  3  4  5  6  7  8  9 |
---------------+----------------------------+-----
Long Blades    | 3 5 6 8 10 12 | 12.1
Fighting       | 4 5 6 7 9 |  9.3
Armour         | 4 5 6 7 9 |  9.4
Shields        | |  3.9

Action                   |  1- 3 |  4- 6 |  7- 9 | 10-12 || total
-------------------------+-------+-------+-------+-------++-------
Melee: Long sword        |    57 |    18 |       |       ||    75
       Headbutt          |    10 |    25 |    80 |     1 ||   116
       Falchion          |       |   112 |   431 |     7 ||   550
Throw: Throwing net      |       |       |     1 |       ||     1
Invok: Sacrifice Stealth |       |       |     1 |       ||     1
  Use: Potion            |     1 |     1 |     3 |       ||     5
       Scroll            |       |     3 |     4 |       ||     7
  Eat: Ration            |     1 |       |     4 |       ||     5
       Chunk             |       |     5 |     2 |       ||     7
Armor: Scale mail        |    17 |    43 |   149 |     1 ||   210
Dodge: Dodged            |    17 |    44 |   102 |     4 ||   167
Block: Shield            |    34 |    57 |   192 |     2 ||   285
       Rpst.: Long sword |     5 |     2 |       |       ||     7
       Falchion          |       |    11 |    30 |       ||    41
